 Dungeon Crawl Stone Soup version 0.32-a0-350-g4f4d228785 (webtiles) character file.

Game seed: 804957726826161420

402 seren the Digger (level 6, -7/32 HPs)
             Began as a Gargoyle Earth Elementalist on Feb 17, 2024.
             Mangled by an iguana (9 damage)
             ... on level 5 of the Dungeon.
             The game lasted 00:10:17 (4057 turns).

seren the Digger (Gargoyle Earth Elementalist)      Turns: 4057, Time: 00:10:18

Health: -7/32      AC:  8    Str: 12    XL:     6   Next: 85%
Magic:  5/10       EV: 12    Int: 17    God:
Gold:   160        SH:  0    Dex: 10    Spells: 4/11 levels left

rFire   . . .        o - staff of conjuration
rCold   . . .        (no shield)
rNeg    + . .        a - +0 robe
rPois   ∞            (no helmet)
rElec   +            (no cloak)
rCorr   .            b - +0 pair of gloves
SInv    .            g - +0 pair of boots
Will    .....        (no amulet)
Stlth   ++           (no ring)
HPRegen 0.25/turn    (no ring)
MPRegen 0.12/turn

%: no passive effects
@: no status effects
A: sickness immunity, AC +4, negative energy resistance 1, electricity
resistance, torment resistance 1, petrification resistance
a: no special abilities


You were on level 5 of the Dungeon.
You visited 1 branch of the dungeon, and saw 5 of its levels.

You collected 160 gold pieces.

Inventory:

Hand Weapons
 i - a +2 quarterstaff of pain
Armour
 a - a +0 robe (worn)
 b - a +0 pair of gloves (worn)
 g - a +0 pair of boots (worn)
Magical Staves
 e - a staff of alchemy
 o - a staff of conjuration (weapon)
Jewellery
 j - a ring of resist corrosion
Wands
 m - a wand of charming (4)
Scrolls
 c - a scroll of identify
 d - a scroll of enchant weapon
 k - a scroll of revelation {unknown}
 p - a scroll of enchant armour {unknown}
 q - a scroll of vulnerability {unknown}
Potions
 l - a potion of degeneration {unknown}
 n - a potion of might {unknown}


   Skills:
 + Level 1.8 Staves
 + Level 2.6 Dodging
 + Level 3.9 Stealth
 + Level 3.1 Spellcasting
 + Level 3.0 Conjurations
 + Level 4.7 Earth Magic
 + Level 1.7 Evocations


You had 4 spell levels left.
You knew the following spells:

 Your Spells              Type           Power      Damage    Failure   Level
a - Sandblast             Erth           36%        2d10      2%          1
b - Passwall              Erth           18%        N/A       8%          3
c - Stone Arrow           Conj/Erth      46%        3d9       11%         3

Your spell library contained the following spells:

 Spells                   Type           Power      Damage    Failure   Level
 Slow                     Hex            8%         N/A       17%         1
 Call Imp                 Summ           4%         N/A       26%         2
 Lesser Beckoning         Tloc           4%         N/A       26%         2
 Brom's Barrelling Bould  Conj/Erth      23%        2d4       34%         4
 Confusing Touch          Hex            2%         N/A       45%         3
 Fugue of the Fallen      Necr           2%         N/A       45%         3
 Gell's Gravitas          Tloc           2%         N/A       45%         3
 Ozocubu's Armour         Ice            2%         N/A       45%         3
 Sigil of Binding         Hex            2%         N/A       45%         3
 Teleport Other           Tloc           2%         N/A       45%         3
 Vampiric Draining        Necr           2%         2d6       45%         3
 Petrify                  Alch/Erth      10%        N/A       54%         4
 Manifold Assault         Tloc           2%         N/A       86%         4
 Summon Hydra             Summ           1%         N/A       100%        7
 Sublimation of Blood     Necr           Unusable   N/A       N/A         2

Dungeon Overview and Level Annotations

Branches:
Dungeon (5/15)
 Temple: D:4-7

Altars:
Gozag
Makhleb
Zin

Annotations:
D:2 Terence
D:3 exclusion: iron imp
D:4 3 runed translucent doors, Bigboy123's ghost, novice MiBe; Pikel


Innate Abilities, Weirdness & Mutations

You are immune to sickness and miasma.
Your stone body is resilient. (AC +4)
You are immune to poison.
You resist negative energy. (rN+)
You are resistant to electric shocks. (rElec)
You are resistant to unholy torment.
You are immune to petrification.


Message History

The adder hisses angrily.
Found a club.
Found a stone staircase leading down.
There is a stone staircase leading up here.
The blast of sand hits the adder!
You kill the adder!
Magic restored.
There is a stone staircase leading down here.
Found a ring mail.
An iguana comes into view.
Found 7 stones.
The blast of sand hits the iguana but does no damage.
The blast of sand hits the iguana.
The iguana is moderately wounded.
The iguana bites you!
The blast of sand hits the iguana.
The iguana is severely wounded.
The iguana bites you.
* * * LOW HITPOINT WARNING * * *
The iguana bites you!
* * * LOW HITPOINT WARNING * * *
You are too injured to fight recklessly!
You are too injured to fight recklessly!
Casting: Sandblast (safe; 2% risk of failure)
Confirm with . or Enter, or press ? or * to list all spells.
Aiming: Sandblast (safe; 2% risk of failure)
Press: ? - help, Shift-Dir - straight line, f/p - iguana
Aim: an iguana (severely wounded, 84% to hit)
The blast of sand hits the iguana but does no damage.
The iguana is severely wounded.
The iguana bites you.
* * * LOW HITPOINT WARNING * * *
Casting: Sandblast (safe; 2% risk of failure)
Confirm with . or Enter, or press ? or * to list all spells.
Aiming: Sandblast (safe; 2% risk of failure)
Press: ? - help, Shift-Dir - straight line, f/p - iguana
Aim: an iguana (severely wounded, 84% to hit)
The blast of sand hits the iguana.
The iguana is severely wounded.
The iguana bites you!
You die...

##### .....##
.[.? .##
#..#..###
#..#...## ##.l.#
.# #..@.##.###
##.#..#.(.#
####..# ##.#
####..# ###
##.#..## ...#
#....## ..)###
##.######......
##..###.........


You could see an iguana.

Vanquished Creatures
  2 scorpions
  A gnoll bouda (D:4)
  4 orc wizards
  3 gnolls
  3 adders
  2 dart slugs
  6 orcs
  2 ball pythons (D:2)
  5 endoplasms
  2 giant cockroaches
  5 hobgoblins
  4 jackals
  6 kobolds
  3 quokkas
  A frilled lizard (D:3)
  4 goblins
  2 rats
55 creatures vanquished.

Notes
Turn   | Place    | Note
-------+----------+-------------------------------------------
     0 | D:1      | seren the Gargoyle Earth Elementalist began the quest for
                  | the Orb.
     0 | D:1      | Reached XP level 1. HP: 10/10 MP: 3/3
   261 | D:1      | Reached XP level 2. HP: 15/15 MP: 3/5
  1047 | D:2      | Reached XP level 3. HP: 19/19 MP: 4/6
  1182 | D:2      | Reached skill level 4 in Earth Magic
  1233 | D:2      | Identified the +7 sling "Rujie" {freeze, ^Contam rPois
                  | Str+8 Int-4 Dex+3}
  1499 | D:2      | Reached XP level 4. HP: 24/24 MP: 5/7
  1503 | D:2      | Learned a level 3 spell: Passwall
  1654 | D:2      | Noticed Terence
  1929 | D:3      | Found a faded altar of an unknown god.
  1964 | D:3      | Found a glowing silver altar of Zin.
  2049 | D:3      | Found an opulent altar of Gozag.
  2167 | D:3      | Learned a level 3 spell: Stone Arrow
  2220 | D:3      | Found a burning altar of Makhleb.
  2622 | D:4      | Found a runed translucent gate.
  2624 | D:4      | Noticed a scorpion
  2728 | D:4      | Noticed a scorpion
  2802 | D:3      | Killed a scorpion
  2803 | D:3      | Reached skill level 1 in Evocations
  2803 | D:3      | Reached XP level 5. HP: 11/28 MP: 6/9
  2927 | D:4      | Noticed a lemure
  2927 | D:4      | Noticed a lemure
  3113 | D:4      | Found a runed translucent gate.
  3127 | D:4      | Found a runed translucent gate.
  3131 | D:4      | Noticed Bigboy123's ghost (novice MiBe)
  3177 | D:4      | Noticed a lemure
  3251 | D:4      | Reached skill level 1 in Staves
  3329 | D:4      | Reached XP level 6. HP: 32/32 MP: 7/10
  3441 | D:4      | Noticed Pikel
  4029 | D:5      | Entered Level 5 of the Dungeon
  4057 | D:5      | Mangled by an iguana

Illustrated notes

Levels and vault maps discovered:
D:1:      evilmike_arrival_plus, layout_basic
D:2:      layout_loops_ring, item_on_display_a, uniq_terence
D:3:      layout_basic, lemuel_doored_altar, nicolae_overflow_crystal_walls,
          demons_altar, hellmonk_ecumenical_altar_heavens_door,
          patterned_corridor
D:4:      layout_rooms, ebering_ghost_rock_garden, hangedman_feature_mirror,
          minmay_a_box_with_orc_wizards_in_it, uniq_pikel
D:5:      layout_loops_ring, overflow_temple_1_default,
          chequers_temple_overflow_minitemple, minmay_fractal_squares_gapless_5,
          uniq_eustachio, uniq_sigmund, uniq_prince_ribbit1, uniq_blork_the_orc

Skill      XL: |  1  2  3  4  5  6 |
---------------+-------------------+-----
Earth Magic    | 4 |  4.7
Dodging        | 2 |  2.6
Conjurations   | 2 3 |  3.0
Stealth        | 3 |  3.9
Evocations     | 1 |  1.7
Staves         | 1 |  1.8
Spellcasting   | 3 |  3.1

Action                     |  1- 3 |  4- 6 || total
---------------------------+-------+-------++-------
  Melee: Staff             |    20 |    42 ||    62
   Cast: Sandblast         |    24 |    80 ||   104
    Use: Potion            |       |     3 ||     3
         Scroll            |       |     3 ||     3
 Armour: Robe              |    12 |    94 ||   106
         Skin              |       |    24 ||    24
  Dodge: Dodged            |    16 |    68 ||    84

Table legend: (Time is in decaauts)
 A = Elapsed time spent in this place.
 B = Non-inter-level travel time spent in this place.
 C = Inter-level travel time spent in this place.
 D = Time resting spent in this place.
 E = Time spent auto-exploring this place.
 F = Levels seen in this place.
 G = Mean time per level.
                   A        B        C        D        E       F      G
               +--------+--------+--------+--------+--------+-----+--------+
         Total |   4129 |   3715 |    414 |    493 |   2160 |   5 |  825.8 |
       Dungeon |   4129 |   3715 |    414 |    493 |   2160 |   5 |  825.8 |
               +--------+--------+--------+--------+--------+-----+--------+

Top non-repeatable levels by time:
     D:3: 1517 daAuts
     D:1: 985 daAuts
     D:2: 924 daAuts
     D:4: 671 daAuts
     D:5: 30 daAuts
